 Dungeon Crawl Stone Soup version 0.28-a0-1190-g77e1c55843 (webtiles) character file.

Game seed: 12535137025019914656

34475 SensoryNuts the Carver (level 13, -1/99 HPs)
             Began as a Demonspawn Fighter on Dec 18, 2021.
             Was an Initiate of Gozag.
             Slain by a six-headed hydra (3 damage)
             ... on level 14 of the Dungeon.
             The game lasted 00:23:13 (16112 turns).

SensoryNuts the Carver (Demonspawn Fighter)        Turns: 16112, Time: 00:23:13

Health: -1/99      AC: 21    Str: 30    XL:     13   Next: 42%
Magic:  13/13      EV: 15    Int: 17    God:    Gozag
Gold:   1275       SH: 18    Dex: 23    Spells: 12/12 levels left

rFire   x . .      SeeInvis .   b - +4 rapier of Cauhael {vorpal, rC- Str+6 Dex+4}
rCold   x . .      Faith    .   c - +1 buckler
rNeg    . . .      Spirit   .   d - +3 ring mail {Will+}
rPois   .          Reflect  +   F - +0 hat of Ycrol {Rampage rF- Int+2 Slay+4}
rElec   .          Harm     .   (no cloak)
rCorr   .          Rampage  +   h - +2 pair of gloves
Will    ++...                   (no boots)
Stlth   ++........              g - amulet "Ycunkufa" {Reflect Str+2 SH+5}
HPRegen 0.26/turn               f - +4 ring of protection
MPRegen 0.13/turn               r - +6 ring of dexterity

@: hasted, very quick
A: horns 2, demonic guardian 1, icemail 1, big brain 2, condensation shield,
demonic willpower, strong 1
a: Renounce Religion, Potion Petition, Call Merchant, Bribe Branch


You were on level 14 of the Dungeon.
You worshipped Gozag.
Gozag was most pleased with you.
You visited 2 branches of the dungeon, and saw 15 of its levels.

You collected 2850 gold pieces.
You spent 891 gold pieces at shops.
You paid 684 gold pieces to Gozag.

Inventory:

Hand Weapons
 a - a +1 long sword
 b - the +4 rapier of Cauhael (weapon) {vorpal, rC- Str+6 Dex+4}
   (You bought it in a shop on level 11 of the Dungeon)

   It inflicts extra damage upon your enemies.
   Str:       It affects your strength (+6).
   Dex:       It affects your dexterity (+4).
   rC:        It makes you vulnerable to cold.
 k - a +2 scimitar of freezing
Armour
 c - a +1 buckler (worn)
 d - a +3 ring mail of willpower (worn)
 h - a +2 pair of gloves (worn)
 l - the +1 helmet of the Playwright {rElec Str+7 Dex-3}
   (You took it off Robin on level 2 of the Dungeon)

   Str:       It affects your strength (+7).
   Dex:       It affects your dexterity (-3).
   rElec:     It insulates you from electricity.
 o - the +0 robe "Ohorphihu" {rC+}
   (You found it on level 5 of the Dungeon)

   rC:        It protects you from cold.
 z - the +1 ring mail "Peij Rekul" {rN+}
   (You found it on level 8 of the Dungeon)

   rN:        It protects you from negative energy.
 F - the +0 hat of Ycrol (worn) {Rampage rF- Int+2 Slay+4}
   (You found it on level 12 of the Dungeon)

   Int:       It affects your intelligence (+2).
   Slay:      It affects your accuracy & damage with ranged weapons and melee
   (+4).
   rF:        It makes you vulnerable to fire.
   Rampage:   It bestows one free step when moving towards enemies.
Jewellery
 f - a +4 ring of protection (left hand)
 g - the amulet "Ycunkufa" (around neck) {Reflect Str+2 SH+5}
   (You acquired it on level 4 of the Dungeon)

   [amulet of reflection]

   It reflects blocked missile attacks.
   Str:       It affects your strength (+2).
   SH:        It affects your SH (+5).
 j - an amulet of the acrobat
 n - the amulet "Irycrig" {RegenMP rF+ rN+ Str-3}
   (You found it on level 10 of the Dungeon)

   [amulet of magic regeneration]

   It increases your rate of magic regeneration.
   Str:       It affects your strength (-3).
   rF:        It protects you from fire.
   rN:        It protects you from negative energy.
 r - a +6 ring of dexterity (right hand)
 v - a +4 ring of protection
 w - a ring of ice
 D - a ring of ice
Wands
 i - a wand of charming (9)
 p - a wand of acid (13)
 u - a wand of iceblast (11)
 x - a wand of paralysis (17)
 y - a wand of digging (9)
Scrolls
 e - 3 scrolls of magic mapping
 m - a scroll of noise
 q - 4 scrolls of teleportation
 s - a scroll of summoning
 A - a scroll of acquirement
 C - a scroll of amnesia
 G - 3 scrolls of identify
 I - a scroll of fog
Potions
 t - 3 potions of flight
 B - a potion of curing
 E - a potion of haste
 H - a potion of resistance {unknown}
 K - 2 potions of mutation
Miscellaneous
 J - a piece from Xom's chessboard (15/15)


   Skills:
 + Level 8.5 Fighting
 + Level 6.6(11.1) Short Blades
 * Level 13.8(14.4) Long Blades
 + Level 7.8 Armour
 + Level 5.2 Dodging
 + Level 3.4 Stealth
 + Level 9.6 Shields


You had 12 spell levels left.
You didn't know any spells.
Your spell library contained the following spells:

 Spells                   Type           Power      Damage    Failure   Level
 Animate Skeleton         Necr           0%         N/A       32%         1
 Apportation              Tloc           0%         N/A       32%         1
 Foxfire                  Conj/Fire      0%         2x1d4     32%         1
 Pain                     Necr           0%         1d4       32%         1
 Sting                    Tmut/Pois      0%         1d3       32%         1
 Summon Small Mammal      Summ           0%         N/A       32%         1
 Poisonous Vapours        Pois/Air       0%         N/A       43%         2
 Conjure Flame            Conj/Fire      0%         6-21      67%         3
 Ignite Poison            Fire/Tmut/Pois 0%         N/A       67%         3
 Inner Flame              Hex/Fire       0%         N/A       67%         3
 Mephitic Cloud           Conj/Pois/Air  0%         N/A       67%         3
 Summon Guardian Golem    Hex/Summ       0%         N/A       67%         3
 Vampiric Draining        Necr           0%         2d6       67%         3
 Flame Wave               Conj/Fire      0%         2d4       97%         4
 Olgreb's Toxic Radiance  Pois           0%         N/A       97%         4
 Freezing Cloud           Conj/Ice/Air   0%         6-21      100%        5
 Orb of Destruction       Conj           0%         N/A       100%        7
 Spellforged Servitor     Conj/Summ      0%         N/A       100%        7


Dungeon Overview and Level Annotations

Branches:
Dungeon (14/15)            Temple (1/1) D:5            Lair (0/6) D:8
    Orc (0/2) D:11
 Vaults: D:13-14

Altars:
Ashenzari
Cheibriados
Dithmenos
Elyvilon
Fedhas
Gozag
Hepliaklqana
Kikubaaqudgha
Makhleb
Nemelex Xobeh
Okawaru
Qazlal
Ru
Sif Muna
Trog
Uskayaw
Vehumet
Wu Jian
Xom
Yredelemnul
Zin
The Shining One

Shops:
D:7 ?(!   D:11 (

Annotations:
D:6 3 runed translucent doors, exclusion: oklob plant, bearlyready's ghost, novice DrCj
D:14 Agnes


Innate Abilities, Weirdness & Mutations

You have a pair of horns on your head.
A weak demonic guardian rushes to your aid.
A meltable icy envelope protects you from harm. (AC +4)
You have an extremely huge brain. (Int +4)
A meltable shield of frost defends you. (SH +4)
You punish those that try to bend your will. (Will+)
Your muscles are strong. (Str +2)


Message History

The six-headed hydra bites you but does no damage. x2
The six-headed hydra misses you.
You closely miss Agnes. You headbutt Agnes!
Agnes is moderately wounded.
You block Agnes's attack.
You block the tengu conjurer's attack. x2
The tengu conjurer claws you but does no damage.
You puncture Agnes!
Agnes is heavily wounded.
Agnes hits you with a +1 lajatang of pain!
You block the six-headed hydra's attack. x2
The six-headed hydra misses you. The six-headed hydra bites you!
The six-headed hydra bites you but does no damage. x2
The tengu conjurer hits you.
You block the tengu conjurer's attack. x2
You hit Agnes. You headbutt Agnes.
Agnes is heavily wounded.
Agnes hits you with a +1 lajatang of pain!!
You writhe in agony.
You block Agnes's attack.
You block the six-headed hydra's attack.
The six-headed hydra closely misses you.
The six-headed hydra bites you but does no damage.
You block the six-headed hydra's attack.
The six-headed hydra misses you. The six-headed hydra bites you!
You feel better.
Agnes hits you with a +1 lajatang of pain!!
* * * LOW HITPOINT WARNING * * *
A demonic guardian appears!
You block the tengu conjurer's attack. x3
The six-headed hydra bites you but does no damage. x2
The six-headed hydra misses you.
You block the six-headed hydra's attack.
The six-headed hydra barely misses you. The six-headed hydra misses you.
You feel yourself speed up. You block Agnes's attack.
You block the tengu conjurer's attack.
The tengu conjurer pecks you but does no damage.
The tengu conjurer closely misses you. Agnes hits you but does no damage.
Your quasit barely misses Agnes. x2; Your quasit closely misses Agnes.
The six-headed hydra bites you!
* * * LOW HITPOINT WARNING * * *
The six-headed hydra misses you. The six-headed hydra bites you.
You die...
Your body crumbles into a pile of gold.

#.# #.....#..# #.#
#.....#..# #.###.....#..#
#...#..().#..+
#######.#.....#..+
#.......####''#..########
#.#####............^.....
#.......)..).......
#.####@'#..#''####.
#.#..DiQ#..#.....
#.#..5..#..#.....#
#.#.....#..#.....#
#.#.....#..#.....#
#.#$....#..#.....#
#######..####### $ .


You could see Agnes (ally target), a six-headed hydra, a tengu conjurer and a
friendly quasit (summoned).

Vanquished Creatures
  Gastronok (D:11)
  Josephine (D:10)
  A rakshasa (D:14)
  Erolcha (D:11)
  A hydra (D:14)
  A boulder beetle (D:14)
  3 centaur warriors
  Fannar (D:11)
  An ogre mage (D:13)
  2 death knights
  A catoblepas (D:14)
  10 two-headed ogres
  A tengu warrior (D:14)
  A skeletal warrior (D:12)
  2 deep elf pyromancers (D:12)
  An ugly thing (D:12)
  5 cyclopes
  Joseph (D:8)
  2 unseen horrors
  A kobold demonologist (D:12)
  A tengu conjurer (D:9)
  A yaktaur (shapeshifter) (D:14)
  2 freezing wraiths (D:12)
  A troll (D:9)
  4 slime creatures (D:12)
  A shadow (D:11)
  2 wyverns (D:10)
  A vampire (D:7)
  5 wraiths
  35 yaks
  Eustachio (D:4)
  2 vampire mosquitoes (D:12)
  Edmund (D:6)
  2 steam dragons
  5 water moccasins
  Duvessa (D:4)
  3 black bears
  An ice beast (D:8)
  2 orc warriors
  A hornet zombie (D:5)
  A sky beast (D:5)
  A necrophage (D:8)
  4 ogres
  7 centaurs
  A phantom (D:6)
  A kobold brigand (D:9)
  Blork the orc (D:3)
  7 bullfrogs
  3 scorpions
  Dowan (D:4)
  A killer bee (D:10)
  5 wights
  2 electric eels (D:7)
  2 bullfrog zombies
  4 hounds
  3 centaur zombies
  6 jellies (D:6)
  Crazy Yiuf (D:4)
  6 centaur skeletons
  2 orc priests
  9 orc wizards
  A killer bee zombie (D:7)
  Robin (D:2)
  A howler monkey skeleton (D:5)
  7 adders
  4 gnolls (D:3)
  A white imp (D:6)
  3 worms
  4 dart slugs
  27 orcs
  6 ball pythons
  5 bats
  16 endoplasms
  2 giant cockroaches
  14 hobgoblins
  2 jackals (D:1)
  7 kobolds
  2 quokkas
  15 goblins
  6 rats
302 creatures vanquished.

Vanquished Creatures (collateral kills)
  4 endoplasms (D:6)
4 creatures vanquished.

Vanquished Creatures (others)
  A troll (D:13)
  A kobold (D:9)
  7 fungi
  3 plants (D:8)
12 creatures vanquished.

Grand Total: 318 creatures vanquished

Notes
Turn   | Place    | Note
-------+----------+-------------------------------------------
     0 | D:1      | SensoryNuts the Demonspawn Fighter began the quest for the
                  | Orb.
     0 | D:1      | Reached XP level 1. HP: 18/18 MP: 1/1
   251 | D:1      | Gained mutation: You have a pair of small horns on your
                  | head. [demonic ancestry]
   251 | D:1      | Reached XP level 2. HP: 24/24 MP: 2/2
   256 | D:1      | Reached skill level 2 in Long Blades
   732 | D:1      | Gained mutation: You have a pair of horns on your head.
                  | [demonic ancestry]
   732 | D:1      | Reached XP level 3. HP: 27/29 MP: 3/3
  1437 | D:2      | Identified the +1 helmet of the Playwright {rElec Str+7
                  | Dex-3}
  1437 | D:2      | Noticed Robin
  1466 | D:2      | Reached skill level 1 in Dodging
  1499 | D:2      | Killed Robin
  1500 | D:2      | Reached XP level 4. HP: 32/35 MP: 4/4
  1599 | D:2      | Noticed a scorpion
  1609 | D:2      | Killed a scorpion
  1610 | D:2      | Reached skill level 3 in Long Blades
  1610 | D:2      | Gained mutation: A meltable shield of frost defends you.
                  | (SH +4) [demonic ancestry]
  1610 | D:2      | Reached XP level 5. HP: 41/41 MP: 5/5
  2413 | D:3      | Found a faded altar of an unknown god.
  3285 | D:4      | Reached XP level 6. HP: 42/47 MP: 6/6
  3589 | D:4      | Noticed Dowan
  3590 | D:4      | Noticed Blork the orc
  3590 | D:4      | Noticed Eustachio
  3590 | D:4      | Noticed Duvessa
  3622 | D:3      | Killed Blork the orc
  3623 | D:3      | Reached skill level 4 in Long Blades
  3867 | D:3      | Gained mutation: Your muscles are strong. (Str +2) [potion
                  | of mutation]
  4245 | D:4      | Killed Eustachio
  4253 | D:4      | Killed Dowan
  4254 | D:4      | Gained mutation: You have an unusually large brain. (Int
                  | +2) [demonic ancestry]
  4254 | D:4      | Reached XP level 7. HP: 29/54 MP: 7/7
  4254 | D:4      | Killed Duvessa
  4495 | D:4      | Found a runed translucent door.
  4496 | D:4      | Noticed Crazy Yiuf
  4796 | D:4      | Identified a scroll of acquirement
  4796 | D:4      | Acquired the amulet "Ycunkufa" {Reflect Str+2 SH+5}
  4815 | D:4      | Killed Crazy Yiuf
  5070 | D:5      | Entered Level 5 of the Dungeon
  5132 | D:5      | Reached skill level 5 in Long Blades
  5213 | D:5      | Reached skill level 5 in Armour
  5371 | D:5      | Gained mutation: A weak demonic guardian rushes to your
                  | aid. [demonic ancestry]
  5371 | D:5      | Reached XP level 8. HP: 61/61 MP: 8/8
  5520 | D:5      | Found a staircase to the Ecumenical Temple.
  5883 | D:5      | Identified the +0 robe "Ohorphihu" {rC+}
  5900 | Temple   | Entered the Ecumenical Temple
  5958 | Temple   | Became a worshipper of Gozag Ym Sagoz the Greedy
  6009 | D:6      | Found a runed translucent gate.
  6009 | D:6      | Found a runed translucent gate.
  6009 | D:6      | Found a runed translucent gate.
  6010 | D:6      | Noticed bearlyready's ghost (novice DrCj)
  6047 | D:6      | Noticed Edmund
  6060 | D:6      | Killed Edmund
  6061 | D:6      | Reached skill level 6 in Long Blades
  6118 | D:6      | Reached skill level 1 in Stealth
  6218 | D:6      | Reached skill level 5 in Fighting
  6218 | D:6      | Reached skill level 5 in Shields
  6235 | D:6      | Found a shimmering altar of Xom.
  6235 | D:6      | Found an iron altar of Okawaru.
  6236 | D:6      | Found a burning altar of Makhleb.
  6354 | D:6      | Gained mutation: You have an extremely huge brain. (Int +4)
                  | [demonic ancestry]
  6354 | D:6      | Reached XP level 9. HP: 68/68 MP: 9/9
  6673 | D:6      | Noticed an oklob plant
  6689 | D:6      | Reached skill level 7 in Long Blades
  7659 | D:7      | Reached skill level 8 in Long Blades
  7846 | D:7      | Found Jusadwen's Distillery.
  7848 | D:7      | Found Kixy's Weapon Boutique.
  7850 | D:7      | Found Hig Sair's Magic Scroll Emporium.
  8287 | D:8      | Noticed Joseph
  8294 | D:8      | Killed Joseph
  8403 | D:8      | Killed an unseen horror
  8404 | D:8      | Reached XP level 10. HP: 42/76 MP: 10/10
  8572 | D:8      | Noticed a two-headed ogre
  8848 | D:8      | Killed a two-headed ogre
  8849 | D:8      | Reached skill level 9 in Long Blades
  8965 | D:8      | Found a staircase to the Lair.
  9050 | D:8      | Identified the +1 ring mail "Peij Rekul" {rN+}
  9297 | D:7      | Bought 2 potions of heal wounds for 140 gold pieces
  9297 | D:7      | Bought a potion of heal wounds for 70 gold pieces
  9297 | D:7      | Bought a potion of heal wounds for 70 gold pieces
  9391 | D:9      | Reached skill level 10 in Long Blades
 10023 | D:9      | Gained mutation: A meltable icy envelope protects you from
                  | harm. (AC +4) [demonic ancestry]
 10023 | D:9      | Reached XP level 11. HP: 59/83 MP: 11/11
 10487 | D:9      | Found a blossoming altar of Fedhas.
 10719 | D:9      | Identified the +1 quarterstaff "Ziripn" {holy, *Slow rPois
                  | Int+4}
 10979 | D:10     | Entered Level 10 of the Dungeon
 11265 | D:10     | Identified the amulet "Irycrig" {RegenMP rF+ rN+ Str-3}
 11446 | D:10     | Reached skill level 11 in Long Blades
 11446 | D:10     | Noticed Josephine
 11454 | D:10     | Killed Josephine
 11646 | D:10     | Found a stormy altar of Qazlal.
 12321 | D:11     | Noticed Erolcha
 12322 | D:11     | Noticed a two-headed ogre
 12328 | D:11     | Killed Erolcha
 12335 | D:11     | Killed a two-headed ogre
 12609 | D:11     | Noticed a two-headed ogre
 12616 | D:11     | Killed a two-headed ogre
 12617 | D:11     | Reached skill level 12 in Long Blades
 12663 | D:11     | Noticed Gastronok
 12672 | D:11     | Killed Gastronok
 12786 | D:11     | Noticed a two-headed ogre
 12795 | D:11     | Killed a two-headed ogre
 12811 | D:11     | Noticed Fannar
 12829 | D:11     | Noticed a two-headed ogre
 12832 | D:11     | Killed Fannar
 12839 | D:11     | Killed a two-headed ogre
 12840 | D:11     | Reached XP level 12. HP: 75/91 MP: 12/12
 13038 | D:11     | Found a staircase to the Orcish Mines.
 13439 | D:11     | Bought the +4 rapier of Cauhael {vorpal, rC- Str+6 Dex+4}
                  | for 611 gold pieces
 13526 | D:12     | Reached skill level 13 in Long Blades
 13650 | D:12     | Noticed a two-headed ogre
 13656 | D:12     | Killed a two-headed ogre
 13657 | D:12     | Reached skill level 1 in Short Blades
 13939 | D:12     | Noticed a death knight
 13960 | D:12     | Killed a death knight
 14591 | D:12     | Identified the +0 hat of Ycrol {Rampage rF- Int+2 Slay+4}
 14647 | D:13     | Noticed a centaur warrior
 14778 | D:13     | Noticed a centaur warrior
 14783 | D:13     | Noticed a two-headed ogre
 14787 | D:13     | Noticed a two-headed ogre
 14789 | D:13     | Killed a centaur warrior
 14794 | D:13     | Noticed a death knight
 14798 | D:13     | Killed a two-headed ogre
 14799 | D:13     | Reached skill level 5 in Short Blades
 14804 | D:13     | Killed a two-headed ogre
 14805 | D:13     | Gained mutation: You punish those that try to bend your
                  | will. (Will+) [demonic ancestry]
 14805 | D:13     | Reached XP level 13. HP: 86/98 MP: 13/13
 15134 | D:13     | Reached skill level 5 in Dodging
 15556 | D:14     | Found an iron altar of Okawaru.
 16104 | D:14     | Noticed Agnes
 16112 | D:14     | HP: 2/99 [six-headed hydra (12)]
 16112 | D:14     | Slain by a six-headed hydra

Illustrated notes

Levels and vault maps discovered:
D:1:      dpeg_arrival_round_a, layout_loops_ring, kennysheep_minor_cross
D:2:      layout_loops_ring, uniq_robin
D:3:      layout_basic, basic_ecumenical_altar
D:4:      layout_basic, mainiacjoe_overflow_concentric_impassable, uniq_duvessa,
          uniq_blork_the_orc, uniq_crazy_yiuf_cottage, uniq_eustachio
D:5:      layout_loops_cross, minmay_temple_entry_antechambers
D:6:      lemuel_slime, layout_rooms, gammafunk_temple_overflow_claw,
          gammafunk_ghost_split, uniq_edmund
D:7:      layout_cave_pools, minmay_crystal_water, minmay_misc_feat_alley,
          nicolae_wooded_promenade
D:8:      layout_gridville, dpeg_oklobed_lair, uniq_joseph
D:9:      layout_irregular_city, mainiacjoe_overflow_alcove_2
D:10:     layout_basic, marbit_many_paths, uniq_josephine
D:11:     layout_loops_ring, orc_0_dummy, uniq_gastronok, uniq_erolcha,
          uniq_fannar
D:12:     layout_loops_ring
D:13:     layout_rooms
D:14:     layout_basic, skrybe_vaults_entry_preservation, okawaru_gym_becter,
          uniq_agnes
Temple:   nicolae_temple_x_marks_the_god

Skill      XL: |  1  2  3  4  5  6  7  8  9 10 11 12 13 |
---------------+----------------------------------------+-----
Long Blades    | 2 3 4 5 6 8 10 12 13 | 13.8
Armour         | 3 4 5 6 7 |  7.8
Dodging        | 1 2 3 4 5 |  5.2
Shields        | 3 4 5 6 7 8 9 |  9.6
Fighting       | 4 5 6 7 8 |  8.5
Stealth        | 1 2 3 |  3.4
Short Blades   | 5 6 |  6.6

Action                   |  1- 3 |  4- 6 |  7- 9 | 10-12 | 13-15 || total
-------------------------+-------+-------+-------+-------+-------++-------
Melee: Long sword        |   113 |   138 |   210 |       |       ||   461
       Headbutt          |    16 |    23 |    77 |   198 |    51 ||   365
       Scimitar          |       |       |    71 |   320 |       ||   391
       Rapier            |       |       |       |   184 |    97 ||   281
Invok: Call Merchant     |       |       |       |     1 |       ||     1
  Use: Potion            |       |     6 |     7 |    11 |     6 ||    30
       Scroll            |       |     5 |     3 |     7 |       ||    15
 Stab: Distracted        |       |       |       |     9 |       ||     9
       Sleeping          |       |       |       |     1 |       ||     1
Armor: Scale mail        |    83 |    53 |    87 |     1 |       ||   224
       Ring mail         |       |       |       |   122 |    41 ||   163
Dodge: Dodged            |    56 |    53 |    79 |   108 |    40 ||   336
Block: Buckler           |    38 |    52 |   234 |   316 |    86 ||   726
       Reflection        |       |       |     1 |    18 |     1 ||    20

Table legend: (Time is in decaauts)
 A = Elapsed time spent in this place.
 B = Non-inter-level travel time spent in this place.
 C = Inter-level travel time spent in this place.
 D = Time resting spent in this place.
 E = Time spent auto-exploring this place.
 F = Levels seen in this place.
 G = Mean time per level.
                   A        B        C        D        E       F      G
               +--------+--------+--------+--------+--------+-----+--------+
         Total |  16068 |  14691 |   1377 |    344 |  11748 |  15 | 1071.2 |
       Dungeon |  16006 |  14641 |   1365 |    344 |  11704 |  14 | 1143.3 |
        Temple |     62 |     50 |     12 |      0 |     44 |   1 |   62.0 |
               +--------+--------+--------+--------+--------+-----+--------+

Top non-repeatable levels by time:
     D:3: 1914 daAuts
     D:9: 1632 daAuts
     D:7: 1591 daAuts
    D:10: 1315 daAuts
    D:12: 1262 daAuts
     D:4: 1226 daAuts
     D:1: 1123 daAuts
    D:11: 1103 daAuts
     D:6: 1047 daAuts
     D:2: 878 daAuts
     D:5: 853 daAuts
    D:13: 763 daAuts
     D:8: 735 daAuts
    D:14: 558 daAuts
  Temple: 62 daAuts
